[Event "*** Titled Tuesday Blitz"]
[Site "Chess.com"]
[Date "2020.11.03"]
[Round "7"]
[White "Eliwood44"]
[Black "Sueetin"]
[Result "0-1"]
[WhiteElo "2432"]
[BlackElo "2321"]
[TimeControl "180+1"]
[EndTime "11:19:59 PST"]
[Termination "Sueetin won by resignation"]

1. d4 Nf6 2. Nf3 d5 3. c4 e6 4.
Nc3 Bb4 5. cxd5 exd5 6. Bg5 Nbd7 7. e3 c5 8. a3 Bxc3+ 9. bxc3 c4 10. Be2 Qa5 11. O-O Ne4 12. Bh4 Nxc3 13. Qe1 Nxe2+ 14. Qxe2 O-O 15. e4 dxe4 16. Qxe4 Nb6 17. Rfe1 Qd5 18. Qe7 Be6 19. Ng5 Rfe8 20. Qb4 Qxd4 21. Nf3 Qg4 22.
h3 Qg6 23. Re5 f6 24. Re3 Bf7 25. Rae1 Rxe3 26. Rxe3 Re8 27. Rxe8+ Bxe8 28. Bg3 Qd3 29. Qe7 Qd7 30. Qe3 Bf7 31. Bb8 Qe8 32. Qf4 Nd5 33. Qd6 c3 34. Bxa7 c2 35. Qc5 Qc6 36. Qxc6 bxc6 37. Be3 Nxe3 38. fxe3 c1=Q+ 0-1

[Event "*** Titled Tuesday Blitz"]
[Site "Chess.com"]
[Date "2020.11.03"]
[Round "7"]
[White "Rital44"]
[Black "Sergienko_Sergey"]
[Result "0-1"]
[WhiteElo "2445"]
[BlackElo "2325"]
[TimeControl "180+1"]
[EndTime "11:19:59 PST"]
[Termination "Sergienko_Sergey won by resignation"]

1. e4 c5 2. Nf3 a6 3. g3 Nc6 4.
Bg2 g6 5. O-O Bg7 6. d3 d6 7. c3 e5 8. a3 Nge7 9. b4 O-O 10. Be3 b6 11. Nbd2 h6 12. Nc4 Be6 13. Rb1 b5 14. Nxd6 Qxd6 15. bxc5 Qd7 16. d4 Bc4 17. d5 Na5 18. Re1 Rad8 19. Nd2 Bd3 20. c6 Nexc6 21. dxc6 Qxc6 22. Rc1 Nc4 23. Nxc4 Bxc4 24.
Qf3 Kh7 25. h4 h5 26. Bh3 Be6 27. Bf1 Bg4 28. Qg2 Be6 29. c4 bxc4 30. g4 hxg4 31. h5 gxh5 32. Qh2 Kg6 33. f3 Rh8 34.
f4 Qxe4 35. Bf2 Qxf4 36. Bg3 Qd2 37. Qh1 Qd4+ 38. Bf2 Qf4 39. Be3 Qg3+ 40. Qg2 Qxg2+ 41. Bxg2 Bh6 42. Bf2 Bxc1 0-1

[Event "*** Titled Tuesday Blitz"]
[Site "Chess.com"]
[Date "2020.11.03"]
[Round "7"]
[White "UCantHandleDenker"]
[Black "indfraeng"]
[Result "0-1"]
[WhiteElo "2488"]
[BlackElo "2366"]
[TimeControl "180+1"]
[EndTime "11:20:00 PST"]
[Termination "indfraeng won on time"]

1. Nf3 Nf6 2. g3 c5 3. Bg2 Nc6 4. O-O d5 5. d3 g6 6. Nbd2 Bg7 7. e4 O-O 8. Re1 e5 9. exd5 Nxd5 10. a3 h6 11. Rb1 Re8 12. Ne4 b6 13. c4 Nc7 14. b4 f5 15. Ned2 Qxd3 16. b5 Na5 17. Nh4 g5 18. Bxa8 Nxa8 19. Ng2 Nxc4 20. Rb3 Qd5 21.
Nxc4 Qxc4 22. Ne3 Qf7 23. Rd3 Nc7 24. Rd8 Nxb5 25. Rxe8+ Qxe8 26. Bb2 Nd4 27. Nc4 e4 28. Bxd4 cxd4 29. Nd6 Qe6 30. Nxc8 Qxc8 31. Qb3+ Kh7 32. Qf7 d3 33. Qd5 Qc5 34. Qf7 a5 35. g4 d2 36. Rd1 e3 37. Qe6 Qc2 0-1

[Event "*** Titled Tuesday Blitz"]
[Site "Chess.com"]
[Date "2020.11.03"]
[Round "7"]
[White "dropstoneDP"]
[Black "seorobert1971"]
[Result "1-0"]
[WhiteElo "2910"]
[BlackElo "2740"]
[TimeControl "180+1"]
[EndTime "11:20:01 PST"]
[Termination "dropstoneDP won by resignation"]

1. e4 c5 2. Nf3 d6 3. d4 cxd4 4. Nxd4 Nf6 5. Nc3 a6 6. Be2 g6 7. Be3 Bg7 8. Qd2 Nc6 9. O-O-O O-O 10. h4 h5 11. f3 Qa5 12. Kb1 Nxd4 13. Bxd4 Be6 14.
g4 Rfc8 15. a3 hxg4 16. h5 gxh5 17. fxg4 Nxg4 18. e5 dxe5 19. Rxh5 Qd8 20. Rdh1 f6 21. Qd3 Qxd4 22. Qh7+ Kf8 23. Qg6 Nf2 24. Rh8+ Bg8 25.
Rg1 Rxc3 26. Rxg8+ 1-0

[Event "*** Titled Tuesday Blitz"]
[Site "Chess.com"]
[Date "2020.11.03"]
[Round "7"]
[White "gmmoranda"]
[Black "Korchmar_Vasiliy"]
[Result "1-0"]
[WhiteElo "2882"]
[BlackElo "2622"]
[TimeControl "180+1"]
[EndTime "11:20:01 PST"]
[Termination "gmmoranda won on time"]

1. d4 Nf6 2. c4 c6 3. Nc3 d5 4.
e3 e6 5. Nf3 Nbd7 6. Bd3 dxc4 7. Bxc4 b5 8. Bd3 Bd6 9. O-O O-O 10. Qc2 Bb7 11. Ng5 Bxh2+ 12. Kxh2 Ng4+ 13. Kg1 Qxg5 14. f3 Ngf6 15. e4 Qh4 16. Ne2 Rfc8 17. Be3 a5 18. Rac1 b4 19. Qd2 h6 20. g3 Qh3 21. Rf2 e5 22.
Rh2 Qe6 23. Bc4 Qe7 24. Bxh6 Nh7 25. Be3 exd4 26. Nxd4 Ne5 27. Be2 Rd8 28. Qe1 Ng5 29.
Qf2 Ba6 30. Bxa6 Rxd4 31. Be2 Nd3 32. Bxd3 Rxd3 33. Kg2 Nxe4 34. Qe2 1-0

[Event "*** Titled Tuesday Blitz"]
[Site "Chess.com"]
[Date "2020.11.03"]
[Round "7"]
[White "CM_rui"]
[Black "juancruzarias"]
[Result "1-0"]
[WhiteElo "2410"]
[BlackElo "2544"]
[TimeControl "180+1"]
[EndTime "11:20:02 PST"]
[Termination "CM_rui won by resignation"]

1. e4 c5 2. Nf3 d6 3. c4 Nf6 4. Nc3 Bg4 5. Be2 Nc6 6. O-O g6 7. a3 Bg7 8. Rb1 O-O 9. b4 b6 10. d3 Ne8 11. Nd5 Nc7 12. b5 Bxf3 13. Bxf3 Nd4 14. g3 e6 15. Ne3 e5 16. Bg2 Qd7 17.
f4 a6 18. a4 axb5 19. cxb5 Ra5 20. Nc4 Rfa8 21. Nxb6 Qd8 22. Nxa8 Nxa8 23. Bd2 exf4 24. Bxa5 Qxa5 25. gxf4 Nb6 26. f5 Be5 27. f6 Ne6 28. Qc1 Nd7 29. Bh3 Nd4 30. Qg5 Nf8 31. b6 Nfe6 32. b7 1-0

[Event "*** Titled Tuesday Blitz"]
[Site "Chess.com"]
[Date "2020.11.03"]
[Round "7"]
[White "Piotrek1979"]
[Black "RobertoJBM"]
[Result "1/2-1/2"]
[WhiteElo "2481"]
[BlackElo "2795"]
[TimeControl "180+1"]
[EndTime "11:20:04 PST"]
[Termination "Game drawn by repetition"]

1. Nf3 d5 2. g3 c6 3. Bg2 Nf6 4. O-O Bf5 5. d3 Nbd7 6. Nbd2 Nc5 7. a4 a5 8. b3 e6 9. Bb2 Be7 10. Re1 O-O 11. Nh4 Bg4 12. h3 Bh5 13. g4 Nfd7 14.
Nhf3 Bg6 15. e4 Re8 16. e5 f6 17. exf6 Bxf6 18. Ne5 Nxe5 19. Bxe5 Nd7 20. Nf3 Nxe5 21. Nxe5 Qd6 22. Qe2 Bxe5 23. Qxe5 Qxe5 24. Rxe5 Kf7 25. Rae1 Re7 26. Kh2 Rae8 27. Kg3 Kf8 28. f4 Bf7 29. h4 Rd7 30. g5 Ke7 31. Bh3 Kd6 32. f5 Rde7 33. fxe6 Bxe6 34. Bxe6 Rxe6 35. Rxe6+ Rxe6 36.
Rxe6+ Kxe6 37. Kf4 b5 38. c3 bxa4 39. bxa4 c5 40.
h5 g6 41. h6 Kd6 42. d4 cxd4 43. cxd4 Ke6 44. Kg4 Kd6 45. Kf4 Ke6 46. Kg4 Kd6 47. Kf4 1/2-1/2

[Event "*** Titled Tuesday Blitz"]
[Site "Chess.com"]
[Date "2020.11.03"]
[Round "7"]
[White "zurzan"]
[Black "Ausbildung"]
[Result "1-0"]
[WhiteElo "2073"]
[BlackElo "2197"]
[TimeControl "180+1"]
[EndTime "11:20:04 PST"]
[Termination "zurzan won by resignation"]

1. f4 g6 2. Nf3 Bg7 3. g3 d6 4. Bg2 Nd7 5. O-O c6 6. d3 e5 7. c3 f5 8. e4 Ngf6 9. exf5 gxf5 10. fxe5 dxe5 11. Nh4 Qb6+ 12. d4 exd4 13. Qe1+ Kd8 14. Nxf5 Bf8 15. Nxd4 Bc5 16. Be3 Re8 17. b4 Bxd4 18.
Bxd4 Rxe1 19. Bxb6+ axb6 20. Rxe1 Nf8 21. a4 Be6 22. Nd2 Kd7 23. Nf3 Ng6 24. Nd4 Bg8 25. h4 Nh5 26. Kh2 Bc4 27. a5 Rf8 28. axb6 Rf2 29.
Ra7 Bd5 30. Rxb7+ Kd6 31. Rg1 c5 32. bxc5+ Kxc5 33. Rxh7 Nhf4 34. gxf4 Nxf4 35. Rg7 Kxb6 36. Kg3 Rxg2+ 37. Rxg2 Nxg2 38. h5 1-0

[Event "*** Titled Tuesday Blitz"]
[Site "Chess.com"]
[Date "2020.11.03"]
[Round "7"]
[White "woodhy"]
[Black "GMTalks_Youtube"]
[Result "0-1"]
[WhiteElo "2465"]
[BlackElo "2599"]
[TimeControl "180+1"]
[EndTime "11:20:05 PST"]
[Termination "GMTalks_Youtube won by resignation"]

1. e4 e5 2. Nf3 Nc6 3. Bb5 a6 4. Bxc6 dxc6 5. O-O Bg4 6. h3 h5 7. d3 Qf6 8. Be3 Bxf3 9. Qxf3 Qxf3 10. gxf3 Bd6 11.
Nd2 Ne7 12. Rfb1 Ng6 13. Kf1 f5 14. Bg5 O-O 15. Ke2 Rf7 16. Rg1 Kh7 17. Raf1 Nf8 18.
Nc4 Ne6 19. c3 b5 20. Ne3 f4 21. Nf5 Bf8 22. d4 g6 23. d5 cxd5 24. exd5 Nxg5 25. Rxg5 Rxf5 26. Rxf5 gxf5 27. Rg1 Be7 0-1

[Event "*** Titled Tuesday Blitz"]
[Site "Chess.com"]
[Date "2020.11.03"]
[Round "7"]
[White "Nuvas"]
[Black "shnitez"]
[Result "1-0"]
[WhiteElo "2310"]
[BlackElo "2521"]
[TimeControl "180+1"]
[EndTime "11:20:05 PST"]
[Termination "Nuvas won on time"]

1. d4 Nf6 2. c4 e6 3. Nc3 Bb4 4. g3 c5 5. Nf3 b6 6. Bg2 Bb7 7. O-O O-O 8. Bg5 h6 9. Bxf6 Qxf6 10. Nb5 a6 11. Nd6 Bc6 12. a3 Ba5 13. e4 cxd4 14. e5 Qe7 15. b4 f6 16. Qxd4 Bxf3 17. Bxf3 Nc6 18. Bxc6 dxc6 19. bxa5 c5 20. Qe4 bxa5 21.
Rab1 Rab8 22. Qc6 Rxb1 23. Rxb1 fxe5 24. Ne4 Qf7 25. Qxc5 Kh8 26. Qe3 Rc8 27. c5 Qc7 28. Rb6 Qd7 29. Nd6 Rc7 30. Rb8+ Kh7 31. Qe4+ g6 32.
Ne8 1-0

[Event "*** Titled Tuesday Blitz"]
[Site "Chess.com"]
[Date "2020.11.03"]
[Round "7"]
[White "BillieKimbah"]
[Black "Airquake"]
[Result "0-1"]
[WhiteElo "2848"]
[BlackElo "2650"]
[TimeControl "180+1"]
[EndTime "11:20:06 PST"]
[Termination "Airquake won by checkmate"]

1. d4 Nf6 2. c4 e6 3. Nc3 d5 4.
Bg5 Nbd7 5. e3 Be7 6. Qc2 h6 7. Bh4 b6 8. cxd5 exd5 9. Nf3 Bb7 10. Bd3 O-O 11. O-O c5 12. dxc5 bxc5 13. Rfd1 d4 14. exd4 Bxf3 15. gxf3 cxd4 16. Nb5 Ne5 17. Nxd4 Qxd4 18.
Bh7+ Nxh7 19. Rxd4 Nxf3+ 20. Kg2 Nxd4 21. Qe4 Bxh4 22. Qxh4 Ne6 23. b4 Rfd8 24. Rb1 Rd4 25. Qg3 Nf6 26. Qb3 Nf4+ 27. Kf1 Ne4 28. Qe3 Rad8 29.
Re1 Nd2+ 30. Kg1 R8d6 31. Qe8+ Kh7 32. Qa8 Rg6+ 33. Kh1 Nd3 34. Re2 Rdg4 35. h4 Rg1+ 36. Kh2 Nf1+ 37. Kh3 Nf4# 0-1

[Event "*** Titled Tuesday Blitz"]
[Site "Chess.com"]
[Date "2020.11.03"]
[Round "7"]
[White "ChSalas"]
[Black "GoltsevDmitry2000"]
[Result "0-1"]
[WhiteElo "2508"]
[BlackElo "2668"]
[TimeControl "180+1"]
[EndTime "11:20:07 PST"]
[Termination "GoltsevDmitry2000 won on time"]

1. d4 d5 2. Nf3 c6 3. Bf4 h6 4. e3 Bf5 5. Bd3 Bxd3 6. Qxd3 Nf6 7. Nbd2 Nbd7 8. O-O e6 9. e4 dxe4 10. Nxe4 Nd5 11.
Nd6+ Bxd6 12. Bxd6 Qf6 13. Qa3 N7b6 14. b3 Nc8 15. Rfe1 Nxd6 16. Qxd6 Qe7 17. Qg3 O-O 18. c4 Nf6 19. Ne5 Rad8 20. Qe3 Rd6 21. h3 Rfd8 22. Nf3 R6d7 23. Re2 a5 24. Rae1 Qb4 25. g4 a4 26.
Kh1 Ra8 27. Ne5 Rdd8 28. g5 hxg5 29. Qxg5 Rxd4 30. Rg1 Ne8 31. Nxf7 Kxf7 32. Qg6+ Kf8 33. Rxe6 Rd7 34. Rge1 Rf7 35. R1e4 Nf6 36. Rh4 Kg8 37. Rxf6 Rxf6 38. Qh7+ Kf7 39. Qh5+ Ke7 40. Re4+ Kd7 41. Qg4+ Kc7 42. Qxg7+ Kb6 43. Qxf6 axb3 44. axb3 Qxb3 45.
Qf7 Qxh3+ 0-1

[Event "*** Titled Tuesday Blitz"]
[Site "Chess.com"]
[Date "2020.11.03"]
[Round "7"]
[White "Kaua18"]
[Black "alexrustemov"]
[Result "0-1"]
[WhiteElo "2339"]
[BlackElo "2680"]
[TimeControl "180+1"]
[EndTime "11:20:12 PST"]
[Termination "alexrustemov won on time"]

1. e4 e6 2. d4 d5 3. Nd2 c5 4.
exd5 Qxd5 5. Ngf3 cxd4 6. Bc4 Qd7 7. O-O Nc6 8. Nb3 Nf6 9. Re1 a6 10. Nbxd4 Nxd4 11. Qxd4 Qxd4 12. Nxd4 Bd7 13. Bg5 Rc8 14.
Bb3 Be7 15. Rad1 h6 16. Bh4 b5 17. c3 a5 18. Bxf6 gxf6 19. a3 h5 20. Re3 h4 21. h3 Rh5 22. Red3 Rc7 23. Re1 Re5 24. Rde3 Rxe3 25. Rxe3 f5 26. Nf3 Bf6 27. Ne5 Bc8 28. a4 b4 29. cxb4 axb4 30. Nc4 Ba6 31. Nd6+ Kf8 32.
Nb5 Rc1+ 33. Kh2 Bxb2 34. Rd3 Be5+ 35. g3 hxg3+ 36. fxg3 Rb1 37. h4 Bb7 38. Rd8+ Ke7 39. Rd1 Rxb3 0-1

[Event "*** Titled Tuesday Blitz"]
[Site "Chess.com"]
[Date "2020.11.03"]
[Round "7"]
[White "rugbyclub"]
[Black "Das_Virus_2020"]
[Result "1/2-1/2"]
[WhiteElo "2220"]
[BlackElo "2409"]
[TimeControl "180+1"]
[EndTime "11:20:14 PST"]
[Termination "Game drawn by repetition"]

1. d4 Nf6 2. Nf3 c5 3. d5 b5 4. Bg5 Qb6 5. Nc3 b4 6. Na4 Qa5 7. Bxf6 exf6 8. c4 d6 9. b3 g6 10.
e3 Bg7 11. Bd3 f5 12. O-O O-O 13. Rb1 Nd7 14. Qc1 Nb6 15. Nb2 Qxa2 16. Bc2 Qa6 17. h4 h5 18. Ng5 Qb7 19. Nh3 Qe7 20. Nf4 Qxh4 21. g3 Qf6 22. Kg2 a5 23. Rh1 Nd7 24. Bd1 Ne5 25. Be2 Bd7 26. Ra1 Ng4 27. Ra2 Rfe8 28. Qd2 Qc3 29. Qd1 Qf6 30. Qd2 Qc3 31.
Qd1 Nf6 32. Bf3 Ng4 33. Be2 1/2-1/2

[Event "*** Titled Tuesday Blitz"]
[Site "Chess.com"]
[Date "2020.11.03"]
[Round "7"]
[White "niki_2003"]
[Black "HouseOfDurin"]
[Result "1-0"]
[WhiteElo "1970"]
[BlackElo "2193"]
[TimeControl "180+1"]
[EndTime "11:20:14 PST"]
[Termination "niki_2003 won by resignation"]

1. d4 Nf6 2. c4 c5 3. d5 b5 4. Qc2 bxc4 5. e4 d6 6. Bxc4 Nbd7 7. Nc3 g6 8. Nf3 Bg7 9. O-O O-O 10. Re1 Ng4 11. h3 Nge5 12. Nd2 Nxc4 13. Nxc4 Ne5 14. Nxe5 Bxe5 15. f4 Bg7 16. e5 Bf5 17.
Qf2 dxe5 18. fxe5 c4 19. Be3 Bxe5 20. Bxa7 Bf6 21. Rad1 Qa5 22. Bb6 Qa6 23. Bc5 Rfe8 24. g4 Bd3 25. d6 Bxc3 26. d7 Bxe1 27. dxe8=Q+ Rxe8 28. Rxe1 e5 29. Bd4 f6 30. g5 Qc6 31.
gxf6 Kf7 32. Bxe5 Re6 33. Qa7+ Kf8 34. Qg7+ Ke8 35. f7+ Kd7 36. f8=Q+ 1-0

[Event "*** Titled Tuesday Blitz"]
[Site "Chess.com"]
[Date "2020.11.03"]
[Round "7"]
[White "Godzillator"]
[Black "maximnovik"]
[Result "0-1"]
[WhiteElo "2325"]
[BlackElo "2541"]
[TimeControl "180+1"]
[EndTime "11:20:15 PST"]
[Termination "maximnovik won on time"]

1. d4 Nf6 2. c4 g6 3. Nc3 Bg7 4. e4 d6 5. Be2 O-O 6. Bg5 Na6 7. f4 c6 8. Qd2 h6 9. Bh4 Nc7 10. Bf3 Ne6 11. Nge2 Nd7 12. O-O c5 13. dxc5 Ndxc5 14. Rad1 Bd7 15. Nd5 Re8 16. b4 Na4 17. f5 Nc7 18. fxg6 fxg6 19. Rc1 Ne6 20. Bg4 Nb6 21. Nxb6 Qxb6+ 22. Bf2 Qd8 23. Nf4 Nxf4 24.
Qxf4 Kh7 25. Bxd7 Qxd7 26. Be3 Rf8 27. Qh4 Qe6 28. Kh1 Rxf1+ 29. Rxf1 Qxc4 30. Kg1 Rf8 31.
Rxf8 Bxf8 32. h3 Qxb4 33. Qf2 Bg7 34. Qf3 Qb1+ 35. Kh2 Qxa2 36. Bf4 Qe6 37. Qd3 a5 38. Qb5 Qxe4 39. Bg3 a4 0-1

[Event "*** Titled Tuesday Blitz"]
[Site "Chess.com"]
[Date "2020.11.03"]
[Round "7"]
[White "MokshanovAlexey"]
[Black "ShimanovAlex"]
[Result "0-1"]
[WhiteElo "2602"]
[BlackElo "2814"]
[TimeControl "180+1"]
[EndTime "11:20:16 PST"]
[Termination "ShimanovAlex won by resignation"]

1. e4 e6 2. d4 d5 3. e5 c5 4. c3 Qa5 5. a3 Nc6 6. Nf3 Bd7 7.
Be2 Nxd4 8. Nxd4 cxd4 9. b4 Qc7 10. cxd4 a5 11. bxa5 Qxa5+ 12. Bd2 Qa7 13. Bc3 Ne7 14. O-O Nf5 15. Bg4 Be7 16. Qd2 Nh6 17. Be2 O-O 18. Bb4 Bxb4 19. Qxb4 Nf5 20. Rd1 Rfc8 21. g4 Ba4 22. gxf5 Bxd1 23. Bxd1 Rc4 24. Qb2 Rxd4 25. Nc3 Rh4 26. Nb5 Qb6 27. a4 exf5 28. Rc1 Qh6 29. Qc3 Rf8 30. Bf3 Rh3 31. Qd3 Qxc1+ 0-1

[Event "*** Titled Tuesday Blitz"]
[Site "Chess.com"]
[Date "2020.11.03"]
[Round "7"]
[White "kirillshevchenko"]
[Black "Rakhimzhan_Alen"]
[Result "1-0"]
[WhiteElo "2866"]
[BlackElo "2620"]
[TimeControl "180+1"]
[EndTime "11:20:17 PST"]
[Termination "kirillshevchenko won by resignation"]

1. e4 e5 2. Nf3 Nc6 3. Bb5 Nf6 4.
O-O Nxe4 5. Re1 Nd6 6. Nxe5 Nxe5 7. Rxe5+ Be7 8. Bd3 O-O 9. Nc3 Bf6 10. Re3 g6 11.
b3 Re8 12. Ba3 Rxe3 13. fxe3 Ne8 14. Qf3 c6 15. Rf1 d5 16. Ne2 Be6 17. Nf4 Qd7 18. e4 dxe4 19. Bxe4 Bf5 20. Bxf5 Qxf5 21. Nd3 Qxf3 22. Rxf3 b6 23. g4 Kg7 24. Nf2 Rd8 25. Ne4 Bd4+ 26. Kg2 Nf6 27. Be7 Nxe4 28. Bxd8 c5 29. c3 Be5 30. Re3 f5 31. gxf5 gxf5 32. d3 Bf4 33. Rf3 Bg5 34. dxe4 Bxd8 35. Rxf5 Kg6 36.
Kf3 Bf6 37. c4 Bd4 38. h4 h6 39. h5+ Kg7 40. e5 1-0

[Event "*** Titled Tuesday Blitz"]
[Site "Chess.com"]
[Date "2020.11.03"]
[Round "7"]
[White "Evachess2006"]
[Black "Kristina_Kim"]
[Result "0-1"]
[WhiteElo "1637"]
[BlackElo "2179"]
[TimeControl "180+1"]
[EndTime "11:20:17 PST"]
[Termination "Kristina_Kim won on time"]

1. e4 c5 2. c3 d5 3. exd5 Qxd5 4. d4 g6 5. Nf3 Nc6 6. Bb5 Bd7 7. Be2 Bg7 8. Be3 cxd4 9. Bxd4 Nxd4 10. cxd4 Nf6 11. Nc3 Qa5 12. O-O O-O 13. Ne5 Be6 14. Nc4 Qb4 15.
Qb3 Qxb3 16. axb3 Rfd8 17. Rfd1 Nd5 18. Bf3 Rac8 19. Nxd5 Bxd5 20. Rxa7 Bxf3 21. gxf3 Bxd4 22. Raa1 b5 23. Ne3 Bxb2 24. Rxd8+ Rxd8 25. Ra5 b4 26. Rb5 Bc3 27. Nc4 Rd1+ 28. Kg2 Rb1 29. Rb8+ Kg7 30.
Ne3 Rxb3 31. Nd5 Bf6 32. Nxf6 Kxf6 33. Rb6+ e6 34. Kf1 Rb1+ 35. Ke2 b3 36. Kd3 Rb2 37.
Kc3 Rxf2 38. Rxb3 Rxf3+ 39. Kb4 Rxb3+ 40. Kxb3 Kg5 41. Kc3 Kh4 42. Kd3 Kh3 43. Ke2 Kxh2 0-1

[Event "*** Titled Tuesday Blitz"]
[Site "Chess.com"]
[Date "2020.11.03"]
[Round "7"]
[White "MariaFominykh"]
[Black "PavlovDanila"]
[Result "0-1"]
[WhiteElo "2344"]
[BlackElo "2689"]
[TimeControl "180+1"]
[EndTime "11:20:18 PST"]
[Termination "PavlovDanila won by resignation"]

1. d4 Nf6 2. c4 g6 3. Nc3 Bg7 4. e4 d6 5. Nf3 O-O 6. h3 e5 7. d5 Ne8 8. g4 f5 9. gxf5 gxf5 10. exf5 Bxf5 11. Rg1 Kh8 12. Ng5 Qd7 13. Bd3 Na6 14. Be3 Nb4 15. Bxf5 Qxf5 16. Nge4 Nf6 17. a3 Nxe4 18.
Nxe4 Qxe4 19. axb4 Qxc4 20. Qg4 Qxg4 21. hxg4 a6 22. Rc1 Rf7 23. Ke2 Rg8 24. Rc4 Bf6 25. g5 Bd8 26. Rh4 Rg6 27. Rh5 Kg8 28. Rgh1 Rfg7 29.
Rg1 h6 30. gxh6 Rxg1 31. hxg7 Kxg7 32. Rh4 Bxh4 0-1

[Event "*** Titled Tuesday Blitz"]
[Site "Chess.com"]
[Date "2020.11.03"]
[Round "7"]
[White "tan275"]
[Black "Flopezin"]
[Result "0-1"]
[WhiteElo "2191"]
[BlackElo "2362"]
[TimeControl "180+1"]
[EndTime "11:20:20 PST"]
[Termination "Flopezin won on time"]

1. d4 Nf6 2. c4 e6 3. Nc3 Bb4 4. e3 c5 5. Nf3 Bxc3+ 6. bxc3 Nc6 7. Bd3 d6 8. O-O O-O 9. e4 e5 10. Be3 b6 11. h3 h6 12. Qe2 Kh7 13. Nd2 g6 14. Nb3 Nh5 15. Rad1 Qe8 16. Qd2 g5 17. h4 f6 18. Be2 Nf4 19. h5 Nxh5 20.
dxe5 dxe5 21. Qd5 Ng7 22. Nxc5 bxc5 23. Bxc5 Be6 24. Qd3 Rf7 25. Qg3 Rd8 26. Bg4 Bxg4 27. Qxg4 Ne6 28. Qf5+ Kg7 29. Rb1 Nxc5 0-1

[Event "*** Titled Tuesday Blitz"]
[Site "Chess.com"]
[Date "2020.11.03"]
[Round "7"]
[White "Harry_Rakkel"]
[Black "AryanTari"]
[Result "0-1"]
[WhiteElo "2639"]
[BlackElo "2889"]
[TimeControl "180+1"]
[EndTime "11:20:21 PST"]
[Termination "AryanTari won on time"]

1. d4 Nf6 2. c4 g6 3. Nc3 d5 4. Nf3 Bg7 5. e3 O-O 6. Bd2 c5 7. dxc5 Na6 8. cxd5 Nxd5 9. Bxa6 bxa6 10. O-O Rb8 11. Qc1 Nb4 12. Ne1 Bf5 13. a3 Nc6 14. b4 Qd7 15. Ra2 Rfd8 16. Nf3 Bg4 17. Ne1 Ne5 18.
f3 Be6 19. Rc2 Bb3 20. Rb2 Nc4 21. Rxb3 Nxd2 22. Rb2 Nxf1 23. Kxf1 a5 24. b5 Qc7 25. c6 Qxh2 26. Rd2 Rxd2 27. Qxd2 Qe5 28. Ne4 Qxb5+ 29. Kg1 Qxc6 30. Qxa5 h6 31. Nd3 Qb6 32. Qd2 Rd8 0-1

[Event "*** Titled Tuesday Blitz"]
[Site "Chess.com"]
[Date "2020.11.03"]
[Round "7"]
[White "Grandelicious"]
[Black "Lion-Al-Messi"]
[Result "1-0"]
[WhiteElo "2787"]
[BlackElo "2556"]
[TimeControl "180+1"]
[EndTime "11:20:21 PST"]
[Termination "Grandelicious won by resignation"]

1. Nf3 b6 2. g3 Bb7 3. Bg2 e6 4. O-O Nf6 5. c4 Be7 6. Nc3 O-O 7. d4 d6 8. d5 Nbd7 9. dxe6 fxe6 10. Nd4 Bxg2 11.
Kxg2 Kf7 12. e4 Ne5 13. f4 Nxc4 14. b3 Na5 15. e5 c5 16. exf6 Bxf6 17. Nde2 d5 18.
f5 d4 19. fxe6+ Kg8 20. Ne4 Qd5 21. Qd3 Qxe6 22. Nf4 Qc6 23. Qf3 Rae8 24. Nxf6+ Qxf6 25. Bd2 Nc6 26. Rae1 Ne5 27. Qd5+ Nf7 28. Ne6 Qg6 29. Nxf8 Rxf8 30. Qxf7+ Qxf7 31. Rxf7 Kxf7 32. Rf1+ Ke8 33. Rxf8+ Kxf8 34. Kf3 Ke7 35. Ke4 Ke6 36. Bf4 Kd7 37. Kd5 a5 38. h4 a4 39. bxa4 Kc8 40. a5 Kb7 41. axb6 Kxb6 42. Bd6 1-0

[Event "*** Titled Tuesday Blitz"]
[Site "Chess.com"]
[Date "2020.11.03"]
[Round "7"]
[White "GM_Huschenbeth"]
[Black "hungrycaterpillar4"]
[Result "0-1"]
[WhiteElo "2389"]
[BlackElo "2571"]
[TimeControl "180+1"]
[EndTime "11:20:22 PST"]
[Termination "hungrycaterpillar4 won on time"]

1. e4 c5 2. Nf3 Nc6 3. d4 cxd4 4. Nxd4 Nf6 5. Nc3 e5 6. Ndb5 d6 7. Bg5 a6 8. Na3 b5 9. Nd5 Be7 10. Bxf6 Bxf6 11. c4 b4 12. Nc2 O-O 13. g3 a5 14. h4 g6 15. h5 Bg5 16. Bh3 Bb7 17.
hxg6 hxg6 18. Bf5 Kg7 19. Qg4 Nd4 20. Nxd4 exd4 21. f4 Bxd5 22. fxg5 Rh8 23. Kd2 gxf5 24. Qxf5 Be6 25. Qf4 Qe7 26. e5 Kg6 0-1

[Event "*** Titled Tuesday Blitz"]
[Site "Chess.com"]
[Date "2020.11.03"]
[Round "7"]
[White "mjray79"]
[Black "Trickov"]
[Result "1/2-1/2"]
[WhiteElo "2481"]
[BlackElo "2330"]
[TimeControl "180+1"]
[EndTime "11:20:22 PST"]
[Termination "Game drawn by repetition"]

1. d4 d5 2. c4 c6 3. Nf3 Nf6 4. Nc3 dxc4 5. a4 Bf5 6. Ne5 Nbd7 7. Nxc4 Qc7 8. g3 e5 9. dxe5 Nxe5 10. Bf4 Rd8 11. Qb3 Be6 12. Bxe5 Qxe5 13. Nxe5 Bxb3 14.
Bg2 Bb4 15. Nd3 a5 16. Nxb4 axb4 17. Ne4 Nxe4 18. Bxe4 Ke7 19. a5 Rd4 20. Bd3 Ra8 21.
Kd2 Rd5 22. a6 Rxa6 23. Rxa6 bxa6 24. Ke3 a5 25. Rc1 Kd6 26. Be4 Rc5 27. Ra1 Bd5 28. Bd3 h6 29. Kd4 Bb3 30. e4 a4 31. f4 Rh5 32.
e5+ Kc7 33. h4 f6 34. Rc1 fxe5+ 35. fxe5 Bf7 36. Rf1 Be8 37. Be2 c5+ 38. Kd5 Bc6+ 39. Ke6 Bd7+ 40. Kd5 Bc6+ 41. Ke6 Bd7+ 42. Kd5 Bc6+ 1/2-1/2

[Event "*** Titled Tuesday Blitz"]
[Site "Chess.com"]
[Date "2020.11.03"]
[Round "7"]
[White "MasterKroket"]
[Black "anon569"]
[Result "1-0"]
[WhiteElo "2421"]
[BlackElo "2251"]
[TimeControl "180+1"]
[EndTime "11:20:23 PST"]
[Termination "MasterKroket won by resignation"]

1. d4 Nf6 2. c4 e6 3. Nf3 Bb4+ 4.
Bd2 c5 5. Nc3 cxd4 6. Nxd4 Nc6 7. e3 O-O 8. Be2 d5 9. cxd5 exd5 10. Nxc6 bxc6 11. O-O Qe7 12. Rc1 Bf5 13. Na4 Rfc8 14. Bxb4 Qxb4 15. a3 Qe7 16. Nc5 Rab8 17. b4 Nd7 18.
Na6 Rb6 19. Qd4 Ne5 20. Rc3 f6 21. Rfc1 h6 22. b5 Nc4 23. Bxc4 dxc4 24. Rxc4 Rxb5 25. Nb4 Be6 26. Nxc6 Qxa3 27. Ne7+ Qxe7 28. Rxc8+ Bxc8 29. Rxc8+ Kf7 30. Qc4+ 1-0

[Event "*** Titled Tuesday Blitz"]
[Site "Chess.com"]
[Date "2020.11.03"]
[Round "7"]
[White "GMG"]
[Black "dretch"]
[Result "0-1"]
[WhiteElo "2706"]
[BlackElo "2830"]
[TimeControl "180+1"]
[EndTime "11:20:26 PST"]
[Termination "dretch won on time"]

1. Nf3 d5 2. g3 Bf5 3. Bg2 e6 4. O-O Nd7 5. d3 Ngf6 6. c4 c6 7. cxd5 cxd5 8. Nc3 Be7 9. Bf4 O-O 10. Nb5 Qb6 11. a4 Rfc8 12. Rc1 Ne8 13. Ne5 Nxe5 14.
Bxe5 a6 15. Nd4 Bg6 16. Qb3 Bb4 17. Nc2 Ba5 18. Qxb6 Bxb6 19. b4 Bh5 20. Rfe1 Rc6 21. Nd4 Rxc1 22. Rxc1 f6 23. Nxe6 fxe5 24. Bxd5 Bf7 25.
Bxb7 Rb8 26. Bc8 e4 27. Ng5 exd3 28. Nxf7 d2 29. Rd1 Rxc8 30. Rxd2 Kxf7 31. Rd7+ Kf8 32. Rb7 Bd8 0-1

[Event "*** Titled Tuesday Blitz"]
[Site "Chess.com"]
[Date "2020.11.03"]
[Round "7"]
[White "DishonorOnYourCow"]
[Black "Volodar_Murzin"]
[Result "1-0"]
[WhiteElo "2422"]
[BlackElo "2588"]
[TimeControl "180+1"]
[EndTime "11:20:26 PST"]
[Termination "DishonorOnYourCow won on time"]

1. d4 Nf6 2. c4 g6 3. Nc3 Bg7 4. e4 O-O 5. f4 d6 6. Nf3 Nbd7 7. Bd3 c5 8. d5 e6 9. dxe6 fxe6 10. O-O Kh8 11. f5 exf5 12. exf5 Ng4 13. fxg6 Nde5 14. Nxe5 Bxe5 15. h3 Bd4+ 16. Kh1 Rxf1+ 17. Qxf1 Nf2+ 18.
Kh2 Qh4 19. g3 Qh5 20. Be2 Qe5 21. Bf4 Qg7 22. g4 Be6 23. Bg3 Rf8 24. Qg2 b5 25. Rf1 b4 26. Nb5 Nxg4+ 27. Bxg4 Bxg4 28. Rxf8+ 1-0